 Dungeon Crawl Stone Soup version 0.30-a0-964-gd452b5e7fa (webtiles) character file.

Game seed: 17435233342603433532

204 juan097 the Vexing (level 6, 0/41 HPs)
             Began as a Human Wanderer on Mar 30, 2023.
             Slain by a phantom (6 damage)
             ... on level 3 of the Dungeon.
             The game lasted 00:10:42 (3140 turns).

juan097 the Vexing (Human Wanderer)                 Turns: 3140, Time: 00:10:42

Health: 0/41       AC:  3    Str: 11    XL:     6   Next: 9%
Magic:  7/10       EV: 11    Int: 17    God:
Gold:   78         SH:  0    Dex: 11    Spells: 3/11 levels left

rFire   . . .      SeeInvis .    a - +0 dagger
rCold   . . .      Faith    .    (no shield)
rNeg    . . .      Spirit   .    c - +0 robe
rPois   .          Reflect  .    (no helmet)
rElec   .          Rampage  .    (no cloak)
rCorr   .                        d - +0 pair of gloves
Will    .....                    (no boots)
Stlth   ++                       (no amulet)
HPRegen 0.26/turn                (no ring)
MPRegen 0.12/turn                (no ring)

@: mighty
A: no striking features
a: no special abilities


You were on level 3 of the Dungeon.
You visited 1 branch of the dungeon, and saw 3 of its levels.

You collected 78 gold pieces.

Inventory:

Hand Weapons
 a - a +0 dagger (weapon)
 b - a +0 sling
Missiles
 p - 8 poisoned darts
Armour
 c - a +0 robe (worn)
 d - a +0 pair of gloves (worn)
Wands
 n - a wand of iceblast (4)
Scrolls
 e - 6 scrolls of identify {unknown}
 f - 2 scrolls of immolation {unknown}
 g - a scroll of noise {unknown}
 i - a scroll of fog
 j - a scroll of teleportation {unknown}
 k - 2 scrolls of magic mapping {unknown}
 l - 2 scrolls of enchant weapon {unknown}
 q - a scroll of blinking {unknown}
Potions
 h - a potion of might
 m - a potion of curing {unknown}
 o - a potion of ambrosia {unknown}
 r - 2 potions of heal wounds {unknown}
 s - a potion of brilliance {unknown}


   Skills:
 + Level 1.8 Short Blades
 + Level 2.7 Stealth
 - Level 3.0 Spellcasting
 + Level 4.7 Hexes
 * Level 4.1 Summonings


You had 3 spell levels left.
You knew the following spells:

 Your Spells              Type           Power      Damage    Failure   Level
a - Slow                  Hex            72%        N/A       2%          1
b - Summon Small Mammal   Summ           64%        N/A       3%          1
c - Summon Guardian Gole  Hex/Summ       17%        N/A       9%          3
d - Call Canine Familiar  Summ           16%        N/A       10%         3

Your spell library contained the following spells:

 Spells                   Type           Power      Damage    Failure   Level
 Dazzling Flash           Conj/Hex       20%        N/A       21%         3
 Portal Projectile        Hex/Tloc       20%        N/A       21%         3
 Leda's Liquefaction      Hex/Erth       5%         N/A       54%         4


Dungeon Overview and Level Annotations

Branches:
Dungeon (3/15)

Altars:
Fedhas

Shops:
D:2 (

Annotations:
D:3 Sigmund


Message History

You barely miss the phantom.
The phantom is moderately damaged.
Your bat hits the plant.
The plant begins to die.
Your bat completely misses the plant.
You swap places.
Your bat hits the plant. x2; The phantom hits you.
The phantom blinks!
You blink.
You completely miss the phantom.
The phantom is moderately damaged.
The phantom hits you.
Your bat misses the phantom.
Your hound bites the plant.
The plant begins to die.
The phantom attacks as you move away! The phantom barely misses you.
Your bat hits the phantom.
Your bat barely misses the phantom.
The phantom barely misses your bat.
Your hound bites the plant.
Your bat misses the phantom.
Casting: Summon Guardian Golem (dangerous; 9% risk of failure)
Confirm with . or Enter, or press ? or * to list all spells.
A nearby plant withers and dies.
Your bat closely misses the phantom.
Your hound bites the plant.
Your bat hits the phantom but does no damage.
The phantom hits you.
Your hound bites the plant.
Sigmund points at you and mumbles some strange words.
The puff of flame hits your quokka!
You swap places.
A nearby plant withers and dies.
Your bat closely misses the phantom.
Your bat hits the phantom.
Your hound bites the phantom.
You barely miss the phantom.
The phantom is heavily damaged.
Your bat hits the phantom but does no damage.
Your bat barely misses the phantom.
The phantom hits you.
The phantom blinks!
You blink.
You barely miss the phantom.
The phantom is heavily damaged.
The phantom hits you.
* * * LOW HITPOINT WARNING * * *
The phantom blinks!
You blink.
Sigmund hits you with a +0 scythe.
* * * LOW HITPOINT WARNING * * *
It was a potion of might.
You feel very mighty all of a sudden.
Your bat closely misses the phantom.
The phantom hits you.
You die...

....# #.....# #.....#... ...#
#.....### #.....#...
..############.......###.....##.#
#.....##.....###.###.........##)#
......................##.....##.#
...............#.####.##.#...##.{
....################...._§.@.#)..
....#.... ##.Wr.#..#.#.##....#.
....#.....###b9.@P#.##...##.##.#.
....'.P....§§.h..@'.###.##..#..#{
....#.....###.....###......##.##.
....#.... ##....#...###.#...##.
#...##### ########.### #...####.
##### ........## #...# ##.
####...)## ###.#.###..
#..#..###..........
#....##...#.#........


You could see a phantom (ally target), Sigmund, a friendly guardian golem
(summoned), a friendly hound (summoned, sheltered), a friendly quokka (summoned,
sheltered) and a friendly bat (summoned, sheltered).

Vanquished Creatures
  Natasha (twice) (D:2)
  An adder (D:2)
  A worm (D:2)
  2 giant cockroaches
  10 goblins
  2 hobgoblins
  3 jackals
  4 kobolds
  A quokka (D:2)
  A ball python (D:1)
  5 bats
  A frilled lizard (D:2)
  3 rats (D:2)
36 creatures vanquished.

Vanquished Creatures (collateral kills)
  A hound (D:3)
  Natasha (D:2)
  3 adders
  A dart slug (D:1)
  2 endoplasms
  2 hobgoblins
  4 ball pythons
  A bat (D:3)
  4 frilled lizards
  5 goblins
  A rat (D:1)
25 creatures vanquished.

Vanquished Creatures (others)
  10 plants (D:3)
  12 withered plants (D:3)
22 creatures vanquished.

Grand Total: 83 creatures vanquished

Notes
Turn   | Place    | Note
-------+----------+-------------------------------------------
     0 | D:1      | juan097 the Human Wanderer began the quest for the Orb.
     0 | D:1      | juan097 set off with the following items: a +0 dagger, a
                  | scroll of fog, a +0 robe, a +0 pair of gloves; and the
                  | following spells available to memorise: Slow, Summon Small
                  | Mammal, Summon Guardian Golem, Dazzling Flash, Leda's
                  | Liquefaction.
     0 | D:1      | Reached XP level 1. HP: 13/13 MP: 4/4
     2 | D:1      | Learned a level 1 spell: Slow
     4 | D:1      | Learned a level 1 spell: Summon Small Mammal
   346 | D:1      | Reached XP level 2. HP: 19/19 MP: 4/6
   791 | D:1      | Reached XP level 3. HP: 20/24 MP: 4/7
  1189 | D:2      | Reached XP level 4. HP: 30/30 MP: 8/8
  1392 | D:2      | Noticed Natasha
  1426 | D:2      | Killed Natasha
  1535 | D:2      | Reached skill level 1 in Short Blades
  1691 | D:2      | Found Xaibloit's Weapon Shop.
  2056 | D:2      | Noticed Natasha
  2068 | D:2      | Killed Natasha
  2069 | D:2      | Reached XP level 5. HP: 17/35 MP: 7/9
  2324 | D:3      | Found a blossoming altar of Fedhas.
  2715 | D:3      | Noticed Sigmund
  2925 | D:2      | Noticed Natasha
  2940 | D:2      | Killed Natasha
  2941 | D:2      | Reached XP level 6. HP: 30/41 MP: 6/10
  3077 | D:2      | Learned a level 3 spell: Summon Guardian Golem
  3081 | D:2      | Learned a level 3 spell: Call Canine Familiar
  3127 | D:3      | Found a faded altar of an unknown god.
  3140 | D:3      | Slain by a phantom

Illustrated notes

Levels and vault maps discovered:
D:1:      dpeg_arrival_simpleton_c, layout_loops_corners,
          minmay_misc_feat_enclosed, st_stairs_5
D:2:      layout_loops_corners, serial_shops, nicolae_shop_statue_plus,
          uniq_natasha
D:3:      layout_rooms, lemuel_crystal_altar,
          shapermc_ecumenical_altar_flowoftime, palyth_stone_intersect,
          uniq_robin, uniq_sigmund

Skill      XL: |  1  2  3  4  5 |
---------------+----------------+-----
Summonings     | 3 4 |  4.1
Stealth        | 2 |  2.7
Short Blades   | 1 |  1.8
Spellcasting   | |  3.0
Hexes          | |  4.7

Action                     |  1- 3 |  4- 6 || total
---------------------------+-------+-------++-------
  Melee: Dagger            |   105 |   135 ||   240
         Punch             |     2 |     4 ||     6
   Fire: Sling             |       |     5 ||     5
   Cast: Summon Small Mamm |    20 |    30 ||    50
         Slow              |     8 |     7 ||    15
         Call Canine Famil |       |     1 ||     1
         Summon Guardian G |       |     1 ||     1
    Use: Potion            |       |     1 ||     1
   Stab: Sleeping          |     2 |     2 ||     4
         Distracted        |       |     3 ||     3
 Armour: Robe              |    31 |    26 ||    57
  Dodge: Dodged            |    60 |    83 ||   143

Table legend: (Time is in decaauts)
 A = Elapsed time spent in this place.
 B = Non-inter-level travel time spent in this place.
 C = Inter-level travel time spent in this place.
 D = Time resting spent in this place.
 E = Time spent auto-exploring this place.
 F = Levels seen in this place.
 G = Mean time per level.
                   A        B        C        D        E       F      G
               +--------+--------+--------+--------+--------+-----+--------+
         Total |   3134 |   2980 |    154 |     66 |   2120 |   3 | 1044.7 |
       Dungeon |   3134 |   2980 |    154 |     66 |   2120 |   3 | 1044.7 |
               +--------+--------+--------+--------+--------+-----+--------+

Top non-repeatable levels by time:
     D:2: 1549 daAuts
     D:1: 1024 daAuts
     D:3: 560 daAuts
